 Dungeon Crawl Stone Soup version 0.19-a0-1714-gcab94ab (webtiles) character file.

6246 mrath the Basher (level 10, -18/88 HPs)
             Began as a Minotaur Fighter on Sept 28, 2016.
             Was an Elder of Okawaru.
             Demolished by a skeletal warrior
             ... wielding a +0 flail
             ... led by a skeletal warrior
              (20 damage)
             ... on level 8 of the Dungeon.
             The game lasted 00:41:26 (8529 turns).

mrath the Basher (Minotaur Fighter)                 Turns: 8529, Time: 00:41:26

Health: -18/88     AC: 13    Str: 23    XL:     10   Next: 62%
Magic:  12/12      EV:  9    Int:  5    God:    Okawaru [****..]
Gold:   406        SH: 11    Dex: 11    Spells: 0 memorised, 9 levels left

rFire  . . .     SeeInvis .     g - +1 flail (venom)
rCold  + . .     Gourm    +     a - +0 chain mail
rNeg   . . .     Faith    .     c - +0 shield
rPois  .         Spirit   .     (helmet restricted)
rElec  .         Dismiss  .     y - +0 cloak
rCorr  .         Reflect  .     (no gloves)
MR     .....     Harm     .     (no boots)
Stlth  ..........               n - amulet of the gourmand
                                (no ring)
                                s - ring of protection from cold

@: no status effects
A: retaliatory headbutt, horns 2
a: Heroism, Renounce Religion


You were on level 8 of the Dungeon.
You worshipped Okawaru.
Okawaru was greatly pleased with you.
You were completely stuffed.

You visited 2 branches of the dungeon, and saw 9 of its levels.

You collected 406 gold pieces.

Inventory:

Hand Weapons
 g - a +1 flail of venom (weapon)
 F - a +1 flail of draining
Missiles
 E - 74 stones (quivered)
 M - 23 poisoned needles
 N - 7 needles of frenzy
Armour
 a - a +0 chain mail (worn)
 c - a +0 shield (worn)
 y - a +0 cloak (worn)
Jewellery
 n - an amulet of the gourmand (around neck)
 s - a ring of protection from cold (left hand)
Wands
 l - a wand of polymorph (9/24)
 u - a wand of slowing (24/48)
 v - a wand of flame (33/48)
 O - a wand of iceblast (10/15)
Scrolls
 d - a scroll of enchant armour {unknown}
 e - a scroll of amnesia {unknown}
 h - 3 scrolls of identify
 i - a scroll of recharging
 j - a scroll of immolation {unknown}
 p - 2 scrolls of fog {unknown}
 q - 2 scrolls of magic mapping {unknown}
 t - a scroll of noise {unknown}
 w - 3 scrolls of remove curse {unknown}
 C - a scroll of fear {unknown}
 G - 2 scrolls of random uselessness {unknown}
 H - 2 scrolls of enchant weapon {unknown}
Potions
 b - a potion of invisibility {unknown}
 k - a potion of berserk rage {unknown}
 m - a potion of cure mutation
 o - a potion of lignification {unknown}
 r - 2 potions of haste {unknown}
 x - 4 potions of curing
 B - a potion of agility {unknown}
 J - 3 potions of flight
Comestibles
 f - 4 bread rations
 z - a beef jerky
 A - a royal jelly
 D - a meat ration
 I - a chunk of flesh
 K - 2 fruits
 L - a slice of pizza


   Skills:
 + Level 7.9 Fighting
 + Level 9.3 Maces & Flails
 + Level 5.6 Throwing
 + Level 8.1 Armour
 + Level 6.3 Dodging
 + Level 7.8 Shields
 + Level 5.1 Evocations


You had 9 spell levels left.
You didn't know any spells.

Dungeon Overview and Level Annotations

Branches:
Dungeon (8/15)             Temple (1/1) D:6
   Lair: D:8-11

Altars:
Ashenzari
Cheibriados
Dithmenos
Elyvilon
Fedhas
Hepliaklqana
Kikubaaqudgha
Makhleb
Nemelex Xobeh
Okawaru
Qazlal
Ru
Sif Muna
Trog
Uskayaw
Vehumet
Xom
Yredelemnul
The Shining One

Shops:
D:7 }

Annotations:
D:4 1 runed door


Innate Abilities, Weirdness & Mutations

You reflexively headbutt those who attack you in melee.
You have a pair of horns on your head.


Message History

* * * LOW HITPOINT WARNING * * *
You hit the skeletal warrior.
The skeletal warrior is almost destroyed.
You sock the skeletal warrior!
The skeletal warrior is almost destroyed.
You block the skeletal warrior's attack.
Your chain mail prevents you from hitting the skeletal warrior.
You headbutt the skeletal warrior, but do no damage.
The skeletal warrior is almost destroyed.
The skeletal warrior hits you but does no damage.
You closely miss the skeletal warrior.
You headbutt the skeletal warrior, but do no damage.
The skeletal warrior is almost destroyed.
The skeletal warrior hits you with a flail!!
* * * LOW HITPOINT WARNING * * *
Your shield and chain mail prevent you from hitting the skeletal warrior.
Your headbutt misses the skeletal warrior.
The skeletal warrior is almost destroyed.
The skeletal warrior hits you with a flail!!
You die...

.....##.# #.#.#.# #.# .# #
...####.# #.#.#.# #.# #. #######
>..# #.# #.#.#.# #.###.# #......
#.#####.###.#.#.###..###.##.>....
#..)....).....#.............##.##
#######.#...#######..###...###.#
..........#######..# ##### #.#
#####.......##.....# #.#
###.#)#.#.@z..## #.#
#.#.#........# #.#
#.#.#...#################
#.....[.#................
####....#..#...#...#...#.
#....#_...............
####.#..#...#...#...#.
###................
#################


You could see a skeletal warrior.

Vanquished Creatures
  2 skeletal warriors
  Pikel (D:8)
  The ghost of dobroeutro the Chopper, an amateur DsFi (D:5)
  A wyvern (D:7)
  2 yaks (D:8)
  A water moccasin (D:6)
  2 sky beasts
  5 porcupines
  An orc warrior (D:6)
  An ice beast (D:8)
  7 ogres
  3 phantoms
  A crocodile (D:8)
  3 centaurs
  2 bullfrogs
  2 big kobolds
  4 scorpions
  A water moccasin skeleton (D:5)
  3 wights (D:8)
  4 howler monkeys
  4 crimson imps
  A bullfrog zombie (D:5)
  A centaur zombie (D:7)
  5 hounds
  A jelly (D:7)
  5 orc wizards
  An orc priest (D:8)
  A centaur skeleton (D:5)
  3 bullfrog skeletons
  Jessica (D:2)
  Ijyb (D:2)
  4 worker ants
  A killer bee zombie (D:5)
  A worker ant zombie (D:5)
  3 gnolls (D:5)
  10 adders
  4 river rats (D:8)
  A shadow imp (D:6)
  3 oozes
  An adder zombie (D:8)
  3 worms (D:5)
  A dart slug (D:3)
  2 leopard geckos
  27 orcs
  2 ball pythons (D:3)
  12 bats
  2 bat zombies (D:6)
  4 giant cockroaches
  7 goblins
  6 hobgoblins
  12 jackals
  19 kobolds
  2 quokkas
  4 frilled lizards
  A goblin skeleton (D:4)
  A jackal skeleton (D:4)
  11 rats
  A rat zombie (D:6)
216 creatures vanquished.

Vanquished Creatures (others)
  A basilisk (D:8)
  3 slaves (D:8)
  A wight (D:8)
  A quokka (D:8)
  A bush (D:8)
  A fungus (D:8)
  10 plants (D:8)
18 creatures vanquished.

Grand Total: 234 creatures vanquished

Notes
Turn   | Place    | Note
-------+----------+-------------------------------------------
     0 | D:1      | mrath the Minotaur Fighter began the quest for the Orb.
     0 | D:1      | Reached XP level 1. HP: 19/19 MP: 0/0
   135 | D:1      | Reached skill level 3 in Maces & Flails
   206 | D:1      | Reached XP level 2. HP: 25/26 MP: 1/1
   414 | D:1      | Reached skill level 4 in Maces & Flails
   546 | D:1      | Reached XP level 3. HP: 30/31 MP: 2/2
   750 | D:2      | Found a snail-covered altar of Cheibriados.
   757 | D:2      | Noticed Jessica
   764 | D:2      | Killed Jessica
   764 | D:2      | Reached skill level 5 in Maces & Flails
   779 | D:2      | Found a blossoming altar of Fedhas.
   779 | D:2      | Found a stormy altar of Qazlal.
   793 | D:2      | Found a sparkling altar of Nemelex Xobeh.
   797 | D:2      | Noticed Ijyb
   806 | D:2      | Killed Ijyb
   806 | D:2      | Reached XP level 4. HP: 35/39 MP: 3/3
  1340 | D:3      | Reached skill level 1 in Dodging
  1425 | D:3      | Reached XP level 5. HP: 44/46 MP: 4/4
  1813 | D:3      | Reached skill level 1 in Throwing
  2263 | D:4      | Found a hide-covered altar of Uskayaw.
  2310 | D:4      | Found a bloodstained altar of Trog.
  2504 | D:4      | Noticed an ogre
  2510 | D:4      | Killed an ogre
  2510 | D:4      | Reached skill level 6 in Maces & Flails
  2510 | D:4      | Reached skill level 1 in Evocations
  2510 | D:4      | Reached XP level 6. HP: 52/52 MP: 5/5
  2546 | D:4      | Found a runed door.
  2546 | D:4      | Noticed a human
  2555 | D:4      | Found a basalt altar of Yredelemnul.
  2642 | D:4      | Found a shattered altar of Ashenzari.
  2721 | D:5      | Entered Level 5 of the Dungeon
  2789 | D:5      | Noticed a sky beast
  3145 | D:5      | Noticed dobroeutro's ghost (amateur DsFi)
  3396 | D:5      | Reached XP level 7. HP: 49/60 MP: 7/7
  3687 | D:5      | Noticed a moth of wrath
  3691 | D:5      | Found a bloodstained altar of Trog.
  4232 | D:5      | Killed dobroeutro's ghost
  4232 | D:5      | Reached skill level 5 in Fighting
  4232 | D:5      | Reached skill level 5 in Armour
  4486 | D:6      | Reached skill level 5 in Shields
  4486 | D:6      | Reached XP level 8. HP: 68/68 MP: 8/8
  4505 | D:6      | Reached skill level 7 in Maces & Flails
  4948 | D:6      | Found a staircase to the Ecumenical Temple.
  4957 | Temple   | Entered the Ecumenical Temple
  4971 | Temple   | Became a worshipper of Warmaster Okawaru
  5442 | D:6      | Reached * piety under Okawaru
  5710 | D:6      | Found an ancient bone altar of Kikubaaqudgha.
  5847 | D:7      | Reached XP level 9. HP: 74/75 MP: 10/10
  6175 | D:7      | Reached skill level 8 in Maces & Flails
  6189 | D:7      | Reached ** piety under Okawaru
  6593 | D:7      | Found a glowing golden altar of the Shining One.
  6660 | D:7      | Found Didiam's Gadget Emporium.
  7026 | D:7      | Reached skill level 5 in Dodging
  7265 | D:8      | Found a hazy altar of Hepliaklqana.
  7454 | D:8      | Noticed a skeletal warrior
  7478 | D:8      | Killed a skeletal warrior
  7478 | D:8      | Reached *** piety under Okawaru
  7478 | D:8      | Reached XP level 10. HP: 43/86 MP: 10/12
  7666 | D:8      | Noticed a skeletal warrior
  7666 | D:8      | Noticed a skeletal warrior
  7666 | D:8      | Noticed a skeletal warrior
  7728 | D:7      | Killed a skeletal warrior
  7728 | D:7      | Reached skill level 9 in Maces & Flails
  7728 | D:7      | Reached skill level 5 in Throwing
  7919 | D:8      | Noticed Pikel
  7936 | D:8      | Killed Pikel
  7936 | D:8      | Reached **** piety under Okawaru
  7936 | D:8      | Received a gift from Okawaru
  8136 | D:8      | Reached skill level 5 in Evocations
  8528 | D:8      | HP: 2/88 [skeletal warrior/flail[a skeletal warrior] (20)]
  8529 | D:8      | Demolished by a skeletal warrior

Vault maps used:
D:1:      sevenhm_arrival_forest_fort_small_3
D:2:      grunt_temple_overflow_forces_of_nature,
          nicolae_overflow_hidden_temple, nemelex_xobeh_ov_fountains_minmay,
          uniq_iyjb, uniq_jessica
D:4:      kennysheep_spiral_hall, nicolae_overflow_crystal_walls,
          eat_drink_and_be_merry_uskayaw, kennysheep_mini, dk_yredelemnul_ordeal
D:5:      first_bread, serial_bayou_pond_b, serial_park_tiny_1, tgw_trog
D:6:      lemuel_zombie_altar_kikubaaqudgha
D:7:      overflow_temple_1_default, serial_shops, nicolae_shop_stone
D:8:      lemuel_coloured_pillars_altar, minmay_lair_entry_grove,
          grunt_ogre_cave, uniq_pikel
Temple:   jpeg_temple_island

Skill      XL: |  1  2  3  4  5  6  7  8  9 10 |
---------------+-------------------------------+-----
Maces & Flails | 3 4 5 6 7 8 9 |  9.3
Dodging        | 1 2 3 4 5 6 |  6.3
Throwing       | 1 2 3 4 5 |  5.6
Shields        | 4 5 6 7 |  7.8
Fighting       | 4 5 7 |  7.9
Armour         | 4 5 6 7 8 |  8.1
Evocations     | 1 2 3 4 5 |  5.1

Action                   |  1- 3 |  4- 6 |  7- 9 | 10-12 || total
-------------------------+-------+-------+-------+-------++-------
Melee: Flail             |    73 |   148 |   321 |   131 ||   673
       Headbutt          |     9 |    25 |    59 |    26 ||   119
Throw: Stone             |       |     5 |    26 |     1 ||    32
Invok: Heroism           |       |       |     1 |     2 ||     3
  Use: Potion            |       |     2 |     2 |       ||     4
       Scroll            |       |     1 |     4 |       ||     5
  Eat: Chunk             |       |     7 |    30 |     4 ||    41
Armor: Scale mail        |    35 |    57 |    27 |       ||   119
       Chain mail        |       |       |    77 |    25 ||   102
Dodge: Dodged            |    24 |    43 |    93 |    31 ||   191
Block: Shield            |    33 |    78 |   152 |    43 ||   306
